 Dungeon Crawl Stone Soup version 0.18-a0-1702-gd20c6a5 (webtiles) character file.

141 Oddball22 the Sneak (level 5, -4/26 HPs)
             Began as a Vine Stalker Enchanter on Apr 6, 2016.
             Killed from afar by Natasha (6 damage)
             ... with a magic dart
             ... on level 3 of the Dungeon.
             The game lasted 00:06:42 (2044 turns).

Oddball22 the Sneak (Vine Stalker Enchanter)        Turns: 2044, Time: 00:06:42

Health: -4/26      AC:  5    Str: 10    XL:     5   Next: 24%
Magic:  0/11       EV: 12    Int: 15    God:
Gold:   104        SH:  0    Dex: 21    Spells: 4 memorised, 2 levels left

rFire  . . .     SeeInvis .     a - +2 dagger
rCold  . . .     Gourm    .     u - +2 robe
rNeg   . . .     Faith    .     (no shield)
rPois  .         Spirit   +     (no helmet)
rElec  .         Dismiss  .     (no cloak)
rCorr  .         Reflect  .     (no gloves)
SustAt .         Harm     .     m - +0 pair of boots
MR     .....                    (no amulet)
Stlth  +++.......               (no ring)
                                n - +5 ring of dexterity

@: very slightly contaminated, hasted, very quick, not resistant to hostile
enchantments, fairly stealthy
A: fangs 2, regeneration 1, magic shield, antimagic bite, no device heal 3, rot
immunity
a: no special abilities


You were on level 3 of the Dungeon.
You were not hungry.

You visited 1 branch of the dungeon, and saw 3 of its levels.

You collected 104 gold pieces.

Inventory:

Hand Weapons
 a - a +2 dagger (weapon)
 v - a +0 war axe
 z - a +2 trident of distortion
Missiles
 p - 7 javelins (quivered)
 w - 14 bolts
 y - 10 poisoned needles
Armour
 m - a +0 pair of boots (worn)
 u - a +2 robe (worn)
Jewellery
 n - a +5 ring of dexterity (left hand)
Scrolls
 e - a scroll of amnesia {unknown}
 h - 3 scrolls of enchant weapon
 i - 2 scrolls of teleportation
 j - a scroll of enchant armour
Potions
 f - a potion of lignification {unknown}
 k - 2 potions of haste
 l - 3 potions of might {unknown}
 q - a potion of mutation {unknown}
 s - 3 potions of flight {unknown}
Books
 c - a book of Maledictions

   Spells                             Type                      Level
   a - Corona                         Hexes                        1
   b - Ensorcelled Hibernation        Hexes/Ice                    2
   c - Confuse                        Hexes                        3
   d - Tukima's Dance                 Hexes                        3
   e - Dazzling Spray                 Conjuration/Hexes            3
Comestibles
 b - 2 chunks of flesh
 d - a bread ration
 g - a meat ration
 o - 3 beef jerkies
 t - 2 slices of pizza


   Skills:
 + Level 2.1 Fighting
 + Level 2.5 Short Blades
 - Level 1.5 Dodging
 - Level 3.7 Stealth
 + Level 3.5 Spellcasting
 - Level 3.0 Hexes


You had 2 spell levels left.
You knew the following spells:

 Your Spells              Type           Power        Failure   Level  Hunger
a - Corona                Hex            ##.....      8%          1    None
b - Ensorcelled Hibernat  Hex/Ice        #.....       17%         2    ##.....
c - Confuse               Hex            ##......     21%         3    ###....
d - Tukima's Dance        Hex            ##......     21%         3    ###....


Dungeon Overview and Level Annotations

Branches:
Dungeon (3/15)

Altars:
Trog

Annotations:
D:3 Natasha; ontamu's ghost, weakling DrTm


Innate Abilities, Weirdness & Mutations

You have extremely sharp teeth.
Your natural rate of healing is unusually fast.
When hurt, damage is shared between your health and your magic reserves.
Your bite disrupts and absorbs the magic of your enemies.
Potions and wands cannot restore your health.
You are immune to rotting.


Message History

Natasha casts a spell at you. The magic dart hits you!
The gnoll hits you from afar with a halberd!
Ontamu's ghost closely misses you. Natasha claws you. Natasha claws you.
* * * LOW HITPOINT WARNING * * *
Natasha barely misses you.
Your magical contamination has completely faded away.
You feel yourself speed up.
Natasha mumbles some strange words.
Natasha glows brightly for a moment.
Natasha stares at you and mumbles some strange words.
The magic dart hits you!
* * * LOW HITPOINT WARNING * * *
Drink which item? (? for menu, Esc to quit)
You feel yourself speed up. Natasha closely misses you.
You are very lightly contaminated with residual magic.
Natasha casts a spell at you. The magic dart hits you!
You die...

#..............#.# ....
####+###.#####.#.# #.. #.###.#
#.#.# .##.. #.....# #.#.# .....
#.##### #.#.# ###### ######
#)#.# # #...5. ####.### #.#.#
.# #.#### #......# #.#.##....#
#5# #......+ .#.#@.+....# #g#
#......##.#.#.##....# #.#
#.........#.#h....#. #h#
#.......###.#g###.... #.#
#####'#....#.#W# #.#.. #.#
#.....#..#.#.#.###.#######.####
#.#####..#.#.#.#......g........
#.#......#...#.#.#.#####..#.###
#.#.###.######..W....#........#


You could see Natasha, ontamu's ghost and a gnoll.

Vanquished Creatures
  Jessica (D:2)
  Terence (D:2)
  A gnoll (D:3)
  2 adders
  3 worms (D:2)
  A dart slug (D:2)
  2 giant geckos
  10 bats
  2 giant cockroaches
  6 goblins
  7 hobgoblins
  3 jackals (D:1)
  A quokka (D:3)
  6 giant newts
  5 kobolds
  2 rats
53 creatures vanquished.

Notes
Turn   | Place    | Note
--------------------------------------------------------------
     0 | D:1      | Oddball22 the Vine Stalker Enchanter began the quest for the Orb.
     0 | D:1      | Reached XP level 1. HP: 9/9 MP: 4/4
    57 | D:1      | Reached skill level 1 in Short Blades
    83 | D:1      | Reached XP level 2. HP: 13/13 MP: 6/6
   428 | D:1      | Reached XP level 3. HP: 17/17 MP: 8/8
   565 | D:2      | Noticed Terence
   596 | D:2      | Killed Terence
   596 | D:2      | Reached skill level 1 in Fighting
   748 | D:2      | Found a bloodstained altar of Trog.
   848 | D:2      | Reached XP level 4. HP: 20/22 MP: 9/9
  1047 | D:2      | Noticed Jessica
  1059 | D:2      | Killed Jessica
  1549 | D:3      | Noticed ontamu's ghost (weakling DrTm)
  1670 | D:3      | Reached XP level 5. HP: 23/26 MP: 8/11
  1802 | D:3      | Learned a level 2 spell: Ensorcelled Hibernation
  1806 | D:3      | Learned a level 3 spell: Confuse
  1810 | D:3      | Learned a level 3 spell: Tukima's Dance
  1994 | D:3      | Noticed Natasha
  2039 | D:3      | HP: 1/26 [Natasha/magic dart (4)]
  2044 | D:3      | Killed from afar by Natasha

Vault maps used:
D:1:      saegor_arrival_simple_e
D:2:      nicolae_overflow_hidden_temple, uniq_terence, uniq_jessica
D:3:      grunt_ministairs_2, uniq_natasha

Skill      XL: |  1  2  3  4 |
---------------+-------------+-----
Short Blades   | 1 2 |  2.5
Fighting       | 1 2 |  2.1
Spellcasting   | 3 |  3.5
Dodging        | |  1.5
Stealth        | |  3.7
Hexes          | |  3.0

Action                   |  1- 3 |  4- 6 || total
-------------------------+-------+-------++-------
Melee: Dagger            |   101 |    91 ||   192
Throw: Javelin           |     4 |     3 ||     7
 Cast: Corona            |     1 |     7 ||     8
       Ensorcelled Hiber |       |     2 ||     2
  Use: Scroll            |       |     5 ||     5
       Potion            |       |     1 ||     1
 Stab: Sleeping          |     9 |     6 ||    15
  Eat: Chunk             |       |     4 ||     4
